 Dungeon Crawl Stone Soup version 0.23-a0-393-g6e9e0f2070 (webtiles) character file.

418 PikkenKukken the Poker (level 6, -2/49 HPs)
             Began as a Merfolk Fighter on Oct 31, 2018.
             Slain by a water moccasin skeleton (5 damage)
             ... on level 4 of the Dungeon.
             The game lasted 00:05:38 (3623 turns).

PikkenKukken the Poker (Merfolk Fighter)            Turns: 3623, Time: 00:05:39

Health: -2/49      AC: 11    Str: 19    XL:     6   Next: 93%
Magic:  6/6        EV:  6    Int:  7    God:
Gold:   191        SH: 10    Dex: 13    Spells: 5/5 levels left

rFire    . . .     SeeInvis .   a - +1 trident
rCold    + . .     Gourm    .   c - +1 shield
rNeg     . . .     Faith    .   t - +1 chain mail {rPois}
rPois    +         Spirit   .   (no helmet)
rElec    .         Reflect  .   k - +0 cloak
rCorr    .         Harm     .   (no gloves)
MR       .....                  (no boots)
Stlth    ..........             (no amulet)
HPRegen  0.16/turn              o - ring of protection from cold
MPRegen  0.10/turn              (no ring)

@: no status effects
A: change form in water, swift swim, stealthy swim
a: no special abilities


You were on level 4 of the Dungeon.
You were not hungry.

You visited 1 branch of the dungeon, and saw 4 of its levels.

You collected 191 gold pieces.

Inventory:

Hand Weapons
 a - a +1 trident (weapon)
Armour
 c - a +1 shield (worn)
 k - a +0 cloak (worn)
 t - a +1 chain mail of poison resistance (worn)
Jewellery
 o - a ring of protection from cold (left hand)
Scrolls
 i - 4 scrolls of remove curse
 l - 5 scrolls of identify
 p - a scroll of magic mapping
 s - a scroll of amnesia
Potions
 d - 3 potions of might
 e - a potion of magic {unknown}
 g - 2 potions of heal wounds {unknown}
 h - a potion of mutation {unknown}
 j - 2 potions of degeneration {unknown}
 m - a potion of lignification {unknown}
 n - a potion of berserk rage {unknown}
 q - a potion of curing
Comestibles
 b - 5 chunks of flesh
 f - 10 rations


   Skills:
 + Level 4.4 Fighting
 * Level 6.5 Polearms
 + Level 3.0 Armour
 + Level 3.3 Dodging
 + Level 4.0 Shields


You had 5 spell levels left.
You didn't know any spells.
Your spell library was empty.

Dungeon Overview and Level Annotations

Branches:
Dungeon (4/15)
 Temple: D:4-7

Altars:
Nemelex Xobeh


Message History

You are too injured to fight recklessly!
You are too injured to fight recklessly!
You closely miss the orc priest.
The orc priest is moderately wounded.
The orc priest calls down the wrath of Beogh upon you.
Beogh smites you!
* * * LOW HITPOINT WARNING * * *
You block the orc's attack.
You hit the orc priest but do no damage.
The orc priest is moderately wounded.
You block the orc priest's attack. You block the orc's attack.
Unknown command.
Unknown command.
You puncture the orc priest!
You kill the orc priest!
The orc hits you but does no damage.
You see here a potion of curing.
You see here a leather armour.
The water moccasin skeleton bites you.
You die...

......[..##.......≈..≈.##.
####.###.##........≈≈..##.
... #..#.........(..#..
### #................#
#......#..##.....#
#.####...###.##### #.#
#.### #.# # # #.# #.# ...
# #.##@####.# ..... #
#...Z..##.# ......# #
####o#.# #......#
##.#..(!#.# #......#
#......## # .......#
#......# #....).# ##+#.###
..


You could see an orc and a water moccasin skeleton.

Vanquished Creatures
  A sky beast (D:4)
  An orc priest (D:4)
  A worker ant (D:4)
  Natasha (thrice) (D:3)
  3 gnolls (D:3)
  10 adders
  5 worms
  A leopard gecko (D:4)
  2 orcs
  11 bats
  6 giant cockroaches
  2 goblins
  7 hobgoblins
  6 jackals
  11 kobolds
  A quokka (D:3)
  A ball python (D:2)
  3 frilled lizards
  3 rats
78 creatures vanquished.

Notes
Turn   | Place    | Note
-------+----------+-------------------------------------------
     0 | D:1      | PikkenKukken the Merfolk Fighter began the quest for the
                  | Orb.
     0 | D:1      | Reached XP level 1. HP: 18/18 MP: 1/1
   134 | D:1      | Reached XP level 2. HP: 19/24 MP: 2/2
  1164 | D:2      | Reached skill level 1 in Dodging
  1164 | D:2      | Reached XP level 3. HP: 7/29 MP: 3/3
  1171 | D:2      | Reached skill level 4 in Polearms
  1177 | D:1      | HP: 1/29 [goblin (2)]
  1541 | D:2      | Reached XP level 4. HP: 36/36 MP: 4/4
  2238 | D:3      | Reached XP level 5. HP: 42/42 MP: 5/5
  2344 | D:3      | Reached skill level 5 in Polearms
  2657 | D:3      | Noticed Natasha
  2663 | D:3      | Killed Natasha
  2684 | D:3      | Found a sparkling altar of Nemelex Xobeh.
  2701 | D:3      | Noticed Natasha
  2713 | D:3      | Killed Natasha
  2798 | D:3      | Noticed Natasha
  2805 | D:3      | Killed Natasha
  2906 | D:3      | Reached XP level 6. HP: 29/48 MP: 6/6
  3120 | D:4      | Noticed a sky beast
  3179 | D:4      | Killed a sky beast
  3179 | D:4      | Reached skill level 6 in Polearms
  3616 | D:4      | HP: 2/49 [orc priest/divine providence (15)]
  3623 | D:4      | Slain by a water moccasin skeleton

Vault maps used:
D:1:      elethiomel_arrival_infinity_welcomes_careful_drivers,
          minmay_hexomino_u4
D:3:      st_stairs_14, nemelex_spade_bored_becter, uniq_natasha
D:4:      cheibrodos_helix_gallery, first_ration

Skill      XL: |  1  2  3  4  5  6 |
---------------+-------------------+-----
Dodging        | 1 2 3 |  3.3
Polearms       | 4 5 6 |  6.5
Fighting       | 4 |  4.4
Shields        | 4 |  4.0
Armour         | 3 |  3.0

Action                   |  1- 3 |  4- 6 || total
-------------------------+-------+-------++-------
Melee: Trident           |   126 |   276 ||   402
  Use: Scroll            |     5 |     4 ||     9
       Potion            |     2 |       ||     2
  Eat: Chunk             |     2 |     7 ||     9
Armor: Scale mail        |   127 |    61 ||   188
       Chain mail        |       |    46 ||    46
Dodge: Dodged            |    81 |    69 ||   150
Block: Shield            |   104 |   119 ||   223

Table legend:
 A = Non-vault XP
 B = Vault XP
 C = Vault XP percentage of total XP
 D = Non-vault monster count
 E = Vault monster count
 F = Vault count percentage of total count
                 A         B        C        D         E       F
            +---------+---------+-------+---------+---------+-------
      Total |     542 |      56 |   9.4 |      70 |       8 |  10.3
            +---------+---------+-------+---------+---------+-------
        D:1 |      39 |       6 |  13.3 |      15 |       5 |  25.0
        D:2 |      87 |       0 |   0.0 |      21 |       0 |   0.0
        D:3 |     178 |      36 |  16.8 |      23 |       2 |   8.0
        D:4 |     238 |      14 |   5.6 |      11 |       1 |   8.3
            +---------+---------+-------+---------+---------+-------
